 Dungeon Crawl Stone Soup version 0.19-a0-1049-g462a813 (webtiles) character file.

161 4thArraOfDagon the Insei (level 5, -3/24 HPs)
             Began as a Vine Stalker Air Elementalist on July 31, 2016.
             Slain by a centaur (4 damage)
             ... on level 6 of the Dungeon.
             The game lasted 00:03:15 (496 turns).

4thArraOfDagon the Insei (VSAE)                      Turns: 496, Time: 00:03:16

Health: -3/24      AC:  2    Str: 10    XL:     5   Next: 42%
Magic:  0/9        EV: 12    Int: 16    God:
Gold:   47         SH:  0    Dex: 15    Spells: 1 memorised, 7 levels left

rFire  . . .     SeeInvis .       - Unarmed
rCold  . . .     Gourm    .     a - +0 robe
rNeg   . . .     Faith    .     (no shield)
rPois  .         Spirit   +     (no helmet)
rElec  .         Dismiss  .     (no cloak)
rCorr  .         Reflect  .     (no gloves)
SustAt .         Harm     .     (no boots)
MR     .....                    (no amulet)
Stlth  ++........               (no ring)
                                (no ring)

@: not resistant to hostile enchantments, unstealthy
A: fangs 2, regeneration 1, magic shield, antimagic bite, no device heal 3, rot
immunity
a: no special abilities


You were on level 6 of the Dungeon.
You were not hungry.

You visited 1 branch of the dungeon, and saw 6 of its levels.

You collected 47 gold pieces.

Inventory:

Armour
 a - a +0 robe (worn)
Scrolls
 e - a scroll of blinking
 j - 2 scrolls of noise {unknown}
Potions
 d - a potion of resistance {unknown}
 f - a potion of flight
 i - a potion of cure mutation {unknown}
Books
 b - a book of Air

   Spells                             Type                      Level
   a - Shock                          Conjuration/Air              1
   b - Swiftness                      Charms/Air                   2
   c - Repel Missiles                 Charms/Air                   2
   d - Static Discharge               Conjuration/Air              3
   e - Lightning Bolt                 Conjuration/Air              5
Comestibles
 c - 3 bread rations
 m - 4 fruits
 o - a beef jerky


   Skills:
 - Level 1.5 Dodging
 - Level 2.4 Stealth
 * Level 4.9 Unarmed Combat
 - Level 2.1 Spellcasting
 - Level 1.0 Conjurations
 - Level 3.0 Air Magic


You had 7 spell levels left.
You knew the following spells:

 Your Spells              Type           Power        Failure   Level  Hunger
a - Shock                 Conj/Air       #...         10%         1    #......


Dungeon Overview and Level Annotations

Branches:
Dungeon (6/15)
 Temple: D:4-7

Altars:

Shops:
D:5 %


Innate Abilities, Weirdness & Mutations

You have extremely sharp teeth.
Your natural rate of healing is unusually fast.
When hurt, damage is shared between your health and your magic reserves.
Your bite disrupts and absorbs the magic of your enemies.
Potions and wands cannot restore your health.
You are immune to rotting.


Message History

The centaur is heavily wounded.
The centaur hits you! x2
* * * LOW HITPOINT WARNING * * *
Unknown command.
You hit the centaur.
The centaur is severely wounded.
The centaur completely misses you.
Unknown command.
Unknown command.
You hit the centaur. You bite the centaur. You drain its power.
You feel invigorated.
The centaur is almost dead.
The centaur hits you!
* * * LOW HITPOINT WARNING * * *
Unknown command.
Unknown command.
You closely miss the centaur.
The centaur is almost dead.
The centaur hits you.
You die...

##
.##
♣..
.. W#
##c##
#@..#
#.♣.#
#...#
##<##
###


You could see a phantom and a centaur.

Vanquished Creatures
  An ogre (D:5)
  A giant frog zombie (D:5)
  An iguana (D:5)
  An adder skeleton (D:4)
  A dart slug (D:5)
  An orc (D:5)
  A giant cockroach (D:1)
  3 bats
  3 giant newts
  2 kobolds
  A rat (D:1)
16 creatures vanquished.

Notes
Turn   | Place    | Note
-------+----------+-------------------------------------------
     0 | D:1      | 4thArraOfDagon the Vine Stalker Air Elementalist began the quest for the Orb.
     0 | D:1      | Reached XP level 1. HP: 9/9 MP: 4/4
   116 | D:1      | Reached skill level 1 in Unarmed Combat
   175 | D:3      | Reached XP level 2. HP: 8/13 MP: 6/6
   311 | D:4      | Reached skill level 2 in Unarmed Combat
   358 | D:5      | Entered Level 5 of the Dungeon
   425 | D:5      | Reached skill level 3 in Unarmed Combat
   425 | D:5      | Reached XP level 3. HP: 8/16 MP: 7/7
   444 | D:5      | Reached XP level 4. HP: 14/21 MP: 6/8
   447 | D:5      | Noticed an ogre
   461 | D:5      | Killed an ogre
   461 | D:5      | Reached skill level 4 in Unarmed Combat
   461 | D:5      | Reached XP level 5. HP: 13/24 MP: 9/9
   471 | D:5      | Found Xucuac's Food Emporium.
   489 | D:6      | Noticed a centaur
   490 | D:6      | Noticed a phantom
   495 | D:6      | HP: 1/24 [centaur (6)]
   496 | D:6      | Slain by a centaur

Vault maps used:
D:1:      dpeg_arrival_rooms_c
D:2:      first_bread
D:3:      grunt_ministairs_2, uniq_terence
D:4:      serial_undead, serial_undead_b, serial_undead_f, serial_undead_b,
          serial_undead_d, serial_undead_c, serial_undead_e, serial_undead_d,
          serial_undead_f, serial_undead_a, serial_undead_c, grunt_qazlal_clouds
D:5:      cheibrodos_ashenzari_chains, serial_shops, nicolae_shop_waterfront
D:6:      minmay_diamond_boxcup, kennysheep_little_box,
          lightli_ossuary_entry_decrepit_ruins, st_stairs_8, grunt_ministairs_5,
          minmay_misc_feat_plants, johnstein_pakellas_dig, uniq_duvessa

Skill      XL: |  1  2  3  4 |
---------------+-------------+-----
Unarmed Combat | 1 3 4 |  4.9
Dodging        | |  1.5
Stealth        | |  2.4
Spellcasting   | |  2.1
Conjurations   | |  1.0
Air Magic      | |  3.0

Action                   |  1- 3 |  4- 6 || total
-------------------------+-------+-------++-------
Melee: Unarmed           |    53 |    10 ||    63
       Bite              |    10 |     2 ||    12
 Cast: Shock             |       |     2 ||     2
  Use: Scroll            |     7 |       ||     7
       Potion            |     1 |       ||     1
 Stab: Sleeping          |     1 |       ||     1
Armor: Robe              |    18 |       ||    18
Dodge: Dodged            |    49 |     2 ||    51
